 Dungeon Crawl Stone Soup version 0.27.0-65-ge2af304b15 (webtiles) character file.

Game seed: 11673912576917435734

3329 Thatpatchoflichen the Fighter (level 9, -1/85 HPs)
             Began as a Minotaur Fighter on Aug 18, 2021.
             Was an Elder of Okawaru.
             Slain by a wolf (9 damage)
             ... on level 1 of the Lair of Beasts.
             The game lasted 00:27:27 (10524 turns).

Thatpatchoflichen the Fighter (Minotaur Fighter)   Turns: 10524, Time: 00:27:28

Health: -1/85      AC: 13    Str: 21    XL:     9   Next: 71%
Magic:  11/11      EV:  9    Int:  5    God:    Okawaru [****..]
Gold:   348        SH: 11    Dex: 13    Spells: 8/8 levels left

rFire    . . .     SeeInvis .   q - +2 short sword (venom)
rCold    . . .     Faith    .   c - +0 kite shield
rNeg     . . .     Spirit   .   K - +0 chain mail
rPois    .         Reflect  .   C - +1 hat
rElec    .         Harm     .   N - scarf {shadows}
rCorr    .         Rampage  .   w - +0 pair of gloves
Will     .....                  E - +0 pair of boots
Stlth    ..........             (no amulet)
HPRegen  0.24/turn              (no ring)
MPRegen  0.12/turn              (no ring)

@: no status effects
A: horns 2, retaliatory headbutt
a: Renounce Religion, Heroism


You were on level 1 of the Lair of Beasts.
You worshipped Okawaru.
Okawaru was greatly pleased with you.
You visited 3 branches of the dungeon, and saw 11 of its levels.
You also visited: Sewer.

You collected 348 gold pieces.

Inventory:

Hand Weapons
 a - a +0 trident
 n - a +2 falchion of holy wrath
 q - a +2 short sword of venom (weapon)
 u - a +0 dagger of speed
 M - a +0 shortbow
 Q - a +2 dagger of electrocution
Missiles
 j - 230 arrows
 m - 155 stones (quivered)
 p - 7 curare-tipped darts
 s - 5 poisoned darts
 t - 94 sling bullets
Armour
 c - a +0 kite shield (worn)
 w - a +0 pair of gloves (worn)
 B - the +1 robe of Tomorrow {*Slow Will++ MP+9 Int+3}
   (You found it on level 5 of the Dungeon)

   Int:       It affects your intelligence (+3).
   MP:        It affects your magic capacity (+9).
   *Slow:     It may slow you when you take damage.
   Will:      It greatly increases your willpower.
 C - a +1 hat (worn)
 D - a +1 ring mail of poison resistance
 E - a +0 pair of boots (worn)
 K - a +0 chain mail (worn)
 N - a scarf of shadows (worn)
 O - a +0 plate armour
Magical Staves
 r - a staff of poison
Jewellery
 g - an amulet of magic regeneration
Wands
 o - a wand of flame (19)
 v - a wand of mindburst (31)
Scrolls
 f - a scroll of teleportation
 h - 2 scrolls of noise
 i - 2 scrolls of enchant weapon {unknown}
 l - 6 scrolls of identify {unknown}
 x - 2 scrolls of vulnerability {unknown}
 y - a scroll of blinking {unknown}
 A - 3 scrolls of fear
 F - a scroll of silence {unknown}
 H - 2 scrolls of fog {unknown}
 I - 3 scrolls of summoning {unknown}
 J - 2 scrolls of enchant armour {unknown}
 L - 3 scrolls of amnesia {unknown}
 P - a scroll of holy word {unknown}
Potions
 b - a potion of lignification {unknown}
 d - 2 potions of might
 e - a potion of ambrosia {unknown}
 k - 3 potions of mutation {unknown}
 z - 2 potions of heal wounds {unknown}
 G - 2 potions of flight
 R - a potion of haste {unknown}


   Skills:
 + Level 9.8 Fighting
 - Level 3.4 Polearms
 - Level 4.0 Bows
 + Level 6.4 Armour
 + Level 6.4 Dodging
 + Level 8.3 Shields
 - Level 4.0 Invocations


You had 8 spell levels left.
You didn't know any spells.
Your spell library contained the following spells:

 Spells                   Type           Power      Damage    Failure   Level
 Blink                    Tloc           N/A        N/A       100%        2
 Corpse Rot               Necr/Air       N/A        N/A       100%        2
 Poisonous Vapours        Pois/Air       0%         N/A       100%        2
 Sublimation of Blood     Necr           0%         N/A       100%        2
 Wereblood                Tmut           0%         N/A       100%        2
 Inner Flame              Hex/Fire       0%         N/A       100%        3
 Lesser Beckoning         Tloc           0%         N/A       100%        3
 Cause Fear               Hex            0%         N/A       100%        4
 Freezing Cloud           Conj/Ice/Air   0%         6-21      100%        5
 Manifold Assault         Tloc           0%         N/A       100%        5
 Summon Forest            Summ/Tloc      0%         N/A       100%        5
 Eringya's Noxious Bog    Tmut/Pois      0%         N/A       100%        6
 Summon Hydra             Summ           0%         N/A       100%        7
 Discord                  Hex            0%         N/A       100%        8


Dungeon Overview and Level Annotations

Branches:
Dungeon (9/15)             Temple (1/1) D:4            Lair (1/6) D:8
  Sewer (visited)
    Orc: D:9-12

Altars:
Ashenzari
Cheibriados
Dithmenos
Elyvilon
Gozag
Hepliaklqana
Kikubaaqudgha
Nemelex Xobeh
Okawaru
Qazlal
Ru
Trog
Uskayaw
Vehumet
Wu Jian
Xom
Yredelemnul
Zin
The Shining One

Shops:
D:5 =


Innate Abilities, Weirdness & Mutations

You have a pair of horns on your head.
You reflexively headbutt those who attack you in melee.


Message History

A yak comes into view.
The wolf misses you.
The wolf howls!
You block the wolf's attack. x2
Found 7 gold pieces.
You block the wolf's attack. The wolf closely misses you.
You block the wolf's attack. The wolf bites you but does no damage.
The wolf bites you.
* * * LOW HITPOINT WARNING * * *
A bullfrog comes into view.
The bullfrog gives a loud, deep croak!
You block the wolf's attack. You block the wolf's attack. x2
Found 13 gold pieces.
You block the bullfrog's attack. The bullfrog misses you. The wolf bites you!
* * * LOW HITPOINT WARNING * * *
You block the wolf's attack.
You block the wolf's attack. x2; The bullfrog hits you.
* * * LOW HITPOINT WARNING * * *
The wolf misses you. You block the wolf's attack. x2
The bullfrog hits you but does no damage.
The yak looks more healthy.
You block the wolf's attack. x2
The wolf closely misses you. You block the bullfrog's attack.
You block the wolf's attack. You block the wolf's attack.
Found 21 gold pieces.
The wolf closely misses you. You block the wolf's attack.
The wolf closely misses you.
You block the wolf's attack. x2; The wolf barely misses you.
The wolf closely misses you.
You feel like a meek peon again. You block the wolf's attack.
The wolf bites you but does no damage. The wolf bites you but does no damage.
The wolf barely misses you. You furiously retaliate!
You headbutt the wolf.
The wolf bites you but does no damage. x2; You block the wolf's attack.
The wolf barely misses you. You furiously retaliate!
You headbutt the wolf. The wolf bites you!
You die...

###
#########.#######.
......@hhh........
#####.###YY.......
#. ##......##
#+.#.F.....#
+...Y....##.
###.l.......
+........##$
###......# .$
#......##..


You could see 2 yaks and 3 wolves.

Vanquished Creatures
  A wraith (D:8)
  A steam dragon (D:7)
  2 wargs (D:7)
  2 water moccasins (Lair:1)
  An orc warrior (D:7)
  An ice beast (D:6)
  A sky beast (D:6)
  4 ogres
  A necrophage (D:6)
  A wolf (Lair:1)
  A phantom (D:4)
  4 centaurs
  2 kobold brigands
  3 bullfrogs
  2 scorpions
  A water moccasin skeleton (D:7)
  A howler monkey (D:5)
  3 wights
  A bullfrog zombie (D:7)
  2 jellies
  A centaur zombie (D:7)
  5 orc priests
  A centaur skeleton (D:7)
  5 iguanas
  2 orc wizards
  3 gnolls
  2 howler monkey zombies
  7 adders
  A howler monkey skeleton (D:4)
  A white imp (D:7)
  An ufetubus (D:6)
  2 worms (Sewer)
  5 dart slugs
  6 orcs
  10 bats
  9 endoplasms
  8 giant cockroaches
  5 goblins
  6 hobgoblins
  9 jackals
  5 quokkas
  10 ball pythons
  2 frilled lizards
  11 kobolds
  11 rats
163 creatures vanquished.

Vanquished Creatures (others)
  A human (D:4)
  2 fungi (D:2)
  3 plants
6 creatures vanquished.

Grand Total: 169 creatures vanquished

Notes
Turn   | Place    | Note
-------+----------+-------------------------------------------
     0 | D:1      | Thatpatchoflichen the Minotaur Fighter began the quest for
                  | the Orb.
     0 | D:1      | Reached XP level 1. HP: 19/19 MP: 0/0
   162 | D:1      | Reached XP level 2. HP: 27/27 MP: 1/1
   435 | D:1      | Reached skill level 4 in Fighting
   548 | D:1      | Reached XP level 3. HP: 33/33 MP: 2/2
  1064 | D:2      | Found an opulent altar of Gozag.
  1267 | D:3      | Found a sparkling altar of Nemelex Xobeh.
  1635 | D:2      | Reached skill level 1 in Dodging
  1635 | D:2      | Reached XP level 4. HP: 31/41 MP: 3/3
  2109 | D:2      | Found a faded altar of an unknown god.
  3117 | D:3      | Reached XP level 5. HP: 43/47 MP: 4/4
  3167 | D:4      | Noticed an ogre
  3191 | D:4      | Killed an ogre
  3192 | D:4      | Reached skill level 5 in Fighting
  3192 | D:4      | Reached skill level 5 in Shields
  3192 | D:4      | Reached XP level 6. HP: 27/56 MP: 5/5
  3406 | D:4      | Found a staircase to the Ecumenical Temple.
  3420 | Temple   | Entered the Ecumenical Temple
  3578 | Temple   | Became a worshipper of Warmaster Okawaru
  3829 | D:4      | Found a glowing silver altar of Zin.
  3829 | D:4      | Noticed an angel
  3957 | D:4      | Found an ancient bone altar of Kikubaaqudgha.
  3958 | D:4      | Noticed a human
  3964 | D:4      | Killed a human
  4296 | D:5      | Entered Level 5 of the Dungeon
  4433 | D:5      | Reached * piety under Okawaru
  4434 | D:5      | Reached skill level 6 in Fighting
  4434 | D:5      | Reached XP level 7. HP: 42/63 MP: 6/6
  4785 | D:5      | Identified the +1 robe of Tomorrow {*Slow Will++ MP+9
                  | Int+3}
  4965 | D:5      | Found Quacval's Jewellery Shop.
  5354 | D:5      | Reached skill level 1 in Invocations
  5402 | D:6      | Found a shadowy altar of Dithmenos.
  5459 | D:6      | Reached ** piety under Okawaru
  5466 | D:6      | Found a broken altar of Ashenzari.
  5589 | D:6      | Reached skill level 5 in Armour
  5645 | D:6      | Found a glowing drain.
  5665 | Sewer    | Entered a sewer
  6413 | D:6      | Reached XP level 8. HP: 54/71 MP: 8/8
  6526 | D:6      | Reached skill level 7 in Fighting
  7591 | D:7      | Reached *** piety under Okawaru
  7900 | D:7      | Reached skill level 8 in Fighting
  7948 | D:7      | Reached skill level 1 in Bows
  8339 | D:8      | Reached XP level 9. HP: 76/82 MP: 11/11
  8516 | D:7      | Reached skill level 5 in Dodging
  8945 | D:8      | Reached skill level 9 in Fighting
  8956 | D:7      | Reached **** piety under Okawaru
  9797 | D:8      | Found a staircase to the Lair.
  9806 | Lair:1   | Entered Level 1 of the Lair of Beasts
 10468 | Lair:1   | Noticed a black mamba
 10474 | Lair:1   | Noticed a cane toad
 10493 | Lair:1   | Noticed a komodo dragon
 10524 | Lair:1   | Slain by a wolf

Illustrated notes

Levels and vault maps discovered:
D:1:      dpeg_arrival_lava_temple_mockup, layout_basic, st_stairs_5
D:2:      layout_basic, basic_altar, shapermc_ecumenical_altar_ellora
D:3:      layout_loops_cross, mainiacjoe_overflow_tiny_flanked
D:4:      layout_gridville, tgw_kikubaaqudgha, zin_angel,
          minmay_temple_entry_tees
D:5:      layout_basic, serial_curves, eino_curves_03, eino_curves_03,
          eino_curves_04, serial_shops, shop
D:6:      cheibrodos_two_vegetables, layout_cave_pools,
          mainiacjoe_overflow_alcove_2, general_overflow_altar,
          portal_sewer_entry_a, chequers_serial_rivers_micro_e, chequers_avenue
D:7:      layout_rooms, hex_tiny
D:8:      layout_cave_pools, erik_lair_orcish_takeover
D:9:      layout_layer_cave, kennysheep_mini_moat, orc_0_dummy,
          hangedman_decor_clover_reticule, chequers_serial_rivers_micro_c,
          uniq_joseph
Temple:   dpeg_chambers_temple
Lair:1:   layout_regular_city

Skill      XL: |  1  2  3  4  5  6  7  8  9 |
---------------+----------------------------+-----
Shields        | 4 5 6 7 8 |  8.3
Fighting       | 4 5 6 8 9 |  9.8
Armour         | 4 5 6 |  6.4
Polearms       | 3 |  3.4
Dodging        | 1 2 3 4 6 |  6.4
Invocations    | 2 4 |  4.0
Bows           | 2 4 |  4.0

Action                   |  1- 3 |  4- 6 |  7- 9 || total
-------------------------+-------+-------+-------++-------
Melee: Trident           |    77 |    13 |       ||    90
       Headbutt          |     8 |    15 |    63 ||    86
       Falchion          |       |    39 |    45 ||    84
       Short sword       |       |    46 |   244 ||   290
Invok: Heroism           |       |       |     1 ||     1
  Use: Potion            |       |       |     2 ||     2
       Scroll            |       |       |     4 ||     4
Armor: Scale mail        |    37 |    39 |     2 ||    78
       Ring mail         |       |       |    85 ||    85
       Chain mail        |       |       |    66 ||    66
       Plate armour      |       |       |     7 ||     7
Dodge: Dodged            |    39 |    37 |   168 ||   244
Block: Kite shield       |    53 |    56 |   279 ||   388
       Rpst.: Falchion   |       |     5 |     5 ||    10
